 Dungeon Crawl Stone Soup version 0.30.0-18-gc0e69614cb (webtiles) character file.

Game seed: 12311788231077260044

12542 Peloso the Carver (level 11, -11/100 HPs)
             Began as a Minotaur Fighter on May 25, 2023.
             Was a Priest of Okawaru.
             Shot with an arrow by a centaur warrior (17 damage)
             ... on level 11 of the Dungeon.
             The game lasted 00:23:04 (11402 turns).

Peloso the Carver (Minotaur Fighter)               Turns: 11402, Time: 00:23:04

Health: -11/100    AC: 22    Str: 23    XL:     11   Next: 63%
Magic:  10/10      EV:  8    Int:  5    God:    Okawaru [***...]
Gold:   312        SH:  7    Dex: 18    Spells: 10/10 levels left

rFire   . . .        a - +1 falchion (elec)
rCold   . . .        d - +0 buckler
rNeg    . . .        c - +0 plate armour
rPois   .            (helmet restricted)
rElec   .            F - +0 cloak
rCorr   .            (no gloves)
SInv    .            w - +0 pair of boots
Will    .....        (no amulet) Stlth
                     g - +4 ring of protection
HPRegen 0.36/turn    l - +6 ring of dexterity
MPRegen 0.12/turn

%: no passive effects
@: no status effects
A: horns 2, retaliatory headbutt
a: Renounce Religion, Heroism


You were on level 11 of the Dungeon.
You worshipped Okawaru.
Okawaru was most pleased with you.
You visited 2 branches of the dungeon, and saw 12 of its levels.

You collected 671 gold pieces.
You spent 359 gold pieces at shops.

Inventory:

Hand Weapons
 a - a +1 falchion of electrocution (weapon)
 b - a +2 long sword
Missiles
 P - 4 throwing nets (quivered)
Armour
 c - a +0 plate armour (worn)
 d - a +0 buckler (worn)
 w - a +0 pair of boots (worn)
 F - a +0 cloak (worn)
 I - the +1 chain mail of Weightlessness {*Corrode rF++ Int+5}
   (You bought it in a shop on level 4 of the Dungeon)

   Int:       It affects your intelligence (+5).
   rF:        It greatly protects you from fire.
   *Corrode:  It may corrode you when you take damage.
Jewellery
 g - a +4 ring of protection (left hand)
 i - a ring of ice
 l - a +6 ring of dexterity (right hand)
 D - a ring of wizardry
 Q - a +6 ring of intelligence
 R - a +6 ring of dexterity
Wands
 s - a wand of iceblast (11)
 x - a wand of digging (8)
 C - a wand of paralysis (14)
 J - a wand of flame (53)
 K - a wand of acid (13)
Scrolls
 e - 2 scrolls of noise {unknown}
 h - a scroll of enchant weapon {unknown}
 n - a scroll of magic mapping
 p - a scroll of immolation
 q - 2 scrolls of amnesia {unknown}
 r - 5 scrolls of teleportation
 u - a scroll of summoning
 v - 3 scrolls of fear {unknown}
 y - a scroll of silence
 z - a scroll of poison
 E - 3 scrolls of fog {unknown}
 L - a scroll of vulnerability {unknown}
 M - 2 scrolls of identify
 S - a scroll of torment {unknown}
Potions
 f - 2 potions of heal wounds
 j - 3 potions of flight {unknown}
 k - a potion of magic
 m - 3 potions of mutation
 o - a potion of might
 t - 4 potions of curing
 A - 2 potions of resistance
 B - 2 potions of attraction {unknown}
 G - a potion of invisibility {unknown}
 H - a potion of brilliance {unknown}
 N - a potion of lignification {unknown}
 O - a potion of cancellation {unknown}
 T - a potion of haste


   Skills:
 + Level 10.2 Fighting
 + Level 13.8 Long Blades
 + Level 12.3 Armour
 + Level 3.0 Dodging
 + Level 3.0 Stealth
 + Level 8.3 Shields
 + Level 0.1 Invocations
 + Level 0.5 Evocations


You had 10 spell levels left.
You didn't know any spells.
Your spell library contained the following spells:

 Spells                   Type           Power      Damage    Failure   Level
 Foxfire                  Conj/Fire      0%         2x1d4     100%        1
 Freeze                   Ice            0%         1d3       100%        1
 Sandblast                Erth           0%         2d4       100%        1
 Shock                    Conj/Air       0%         1d3       100%        1
 Passwall                 Tmut/Erth      0%         N/A       100%        2
 Static Discharge         Conj/Air       0%         2-2/arc   100%        2
 Sublimation of Blood     Necr           0%         N/A       100%        2
 Frozen Ramparts          Ice            0%         1d1       100%        3
 Hailstorm                Conj/Ice       0%         3d3       100%        3
 Ozocubu's Armour         Ice            0%         N/A       100%        3
 Stone Arrow              Conj/Erth      0%         3d7       100%        3
 Swiftness                Air            0%         N/A       100%        3
 Vhi's Electric Charge    Tloc/Air       0%         N/A       100%        3
 Airstrike                Air            0%         2d(0-16)  100%        4
 Petrify                  Tmut/Erth      0%         N/A       100%        4
 Arcjolt                  Conj/Air       0%         1d10      100%        5
 Blade Hands              Tmut           0%         N/A       100%        5
 Fireball                 Conj/Fire      0%         3d3       100%        5
 Irradiate                Conj/Tmut      0%         3d11      100%        5
 Conjure Ball Lightning   Conj/Air       0%         3x3d6     100%        6
 Iron Shot                Conj/Erth      0%         9d1       100%        6
 Plasma Beam              Fire/Air       0%         2x1d11    100%        6
 Starburst                Conj/Fire      0%         6d3       100%        6
 Orb of Destruction       Conj           0%         9d5       100%        7
 Ozocubu's Refrigeration  Ice            0%         4d7       100%        7
 Discord                  Hex            0%         N/A       100%        8
 Disjunction              Tloc           0%         N/A       100%        8
 Summon Guardian Golem    Hex/Summ       Unusable   N/A       N/A         3
 Animate Armour           Summ/Erth      Unusable   N/A       N/A         4
 Summon Lightning Spire   Summ/Air       Unusable   N/A       N/A         4
 Spellforged Servitor     Conj/Summ      Unusable   N/A       N/A         7

Dungeon Overview and Level Annotations

Branches:
Dungeon (11/15)            Temple (1/1) D:4            Lair (0/5) D:9
    Orc: D:9-12

Altars:
Ashenzari
Cheibriados
Dithmenos
Elyvilon
Fedhas
Gozag
Hepliaklqana
Kikubaaqudgha
Makhleb
Nemelex Xobeh
Okawaru
Qazlal
Ru
Sif Muna
Trog
Uskayaw
Vehumet
Wu Jian
Xom
Yredelemnul
Zin
The Shining One

Shops:
D:2 !   D:4 [   D:6 :

Annotations:
D:4 2 transporters, Voland's ghost, weakling TeAE


Innate Abilities, Weirdness & Mutations

You have a pair of horns on your head.
You reflexively headbutt those who attack you in melee.


Message History

Unknown command.
You hit the slime creature.
Lightning courses through the slime creature!
The slime creature is almost dead.
Something hits you but does no damage. The slime creature hits you!
Unknown command.
You hit the slime creature. You headbutt the slime creature.
You kill the slime creature!
Okawaru accepts your kill.
Okawaru will now gift you throwing weapons as you gain piety.
Okawaru grants you throwing weapons! Something appears at your feet!
Something hits you but does no damage.
The centaur warrior shoots an arrow.
You block the howler monkey simulacrum's attack.
Something hits you but does no damage. Something hits you.
The centaur warrior shoots an arrow.
You block something's attack.
The howler monkey simulacrum hits you but does no damage.
The centaur warrior shoots an arrow.
The arrow hits you but does no damage. You block something's attack.
The centaur warrior shoots an arrow.
The arrow hits you!
The centaur warrior shoots an arrow.
The arrow hits you!!
* * * LOW HITPOINT WARNING * * *
Something hits you but does no damage.
The centaur warrior shoots an arrow.
The arrow hits you!
* * * LOW HITPOINT WARNING * * *
You feel much better. Something hits you but does no damage.
The howler monkey simulacrum barely misses you.
You furiously retaliate!
You headbutt the howler monkey simulacrum!
The howler monkey simulacrum vaporises!
Okawaru accepts your kill.
The centaur warrior shoots an arrow.
The arrow barely misses you.
The centaur warrior shoots an arrow.
The arrow hits you!!
* * * LOW HITPOINT WARNING * * *
Something hits you.
* * * LOW HITPOINT WARNING * * *
There is a stone staircase leading up, spattered with blood here.
The centaur warrior shoots an arrow.
The arrow hits you!
You die...

..#..#..............).#.......##.
###..#..............).###......##
..#...................###..##....
.....#......###.............#....
#...##......# ##..#....###..####.
#..####.....#####.#..............
...# #................(..........
...###...........................
...##...........@.....c..........
....#.......#.....{.......##.....
.##.............#######.....#....
..##....<.......# #.#.#..(.##....
####.......#....# ^^^#..........
.##........##.#########.......#..
..##.......##.#(+^....'†......##.
..#........##.#########....#.....
.##........##...# ^^^#....#.....


You could see a centaur warrior.

Vanquished Creatures
  Harold (D:10)
  3 two-headed ogres
  4 gargoyles
  Maggie (D:6)
  4 trolls
  Grinder (D:3)
  A slime creature (D:11)
  Sigmund (D:4)
  17 yaks
  2 wraiths
  Eustachio (D:6)
  A wyvern (D:7)
  A steam dragon (D:10)
  Menkaure (D:6)
  3 acid dragons
  Duvessa (D:5)
  2 orc warriors
  An ice beast (D:8)
  A black bear (D:5)
  2 sky beasts
  5 centaurs
  A phantom (D:4)
  4 kobold brigands
  A bullfrog (D:8)
  A scorpion (D:3)
  10 wights
  Dowan (D:5)
  4 killer bees (D:8)
  5 hounds
  4 jellies
  9 orc priests
  Crazy Yiuf (D:4)
  Ijyb (D:3)
  Terence (D:2)
  6 iguanas
  11 orc wizards
  Robin (D:3)
  12 gnolls
  9 adders
  A shadow imp (D:8)
  2 white imps (D:6)
  A howler monkey simulacrum (D:11)
  3 worms
  A dart slug (D:2)
  32 orcs
  9 ball pythons
  8 endoplasms
  8 giant cockroaches
  11 hobgoblins
  5 jackals (D:2)
  23 kobolds
  4 quokkas
  7 bats
  7 frilled lizards
  13 goblins
  6 rats
277 creatures vanquished.

Vanquished Creatures (others)
  A vampire (D:10)
1 creature vanquished.

Grand Total: 278 creatures vanquished

Notes
Turn   | Place    | Note
-------+----------+-------------------------------------------
     0 | D:1      | Peloso the Minotaur Fighter began the quest for the Orb.
     0 | D:1      | Reached XP level 1. HP: 19/19 MP: 0/0
   111 | D:1      | Reached XP level 2. HP: 27/27 MP: 1/1
   358 | D:1      | Reached XP level 3. HP: 33/33 MP: 2/2
   626 | D:1      | Reached skill level 3 in Long Blades
   945 | D:2      | Reached XP level 4. HP: 41/41 MP: 3/3
  1098 | D:2      | Found Kifir's Distillery.
  1106 | D:2      | Bought a potion of mutation for 112 gold pieces
  1180 | D:2      | Reached skill level 4 in Long Blades
  1349 | D:2      | Noticed Terence
  1356 | D:2      | Killed Terence
  1357 | D:2      | Reached skill level 1 in Dodging
  1488 | D:3      | Reached XP level 5. HP: 47/47 MP: 4/4
  1678 | D:3      | Identified the +0 helmet "Zyasomm" {rN+ Str+6 Slay-4}
  1678 | D:3      | Noticed Robin
  1729 | D:3      | Identified the +0 robe of Okawaru's Hope {Str+4 Int-4}
  1729 | D:3      | Noticed Ijyb
  1757 | D:3      | Killed Ijyb
  1758 | D:3      | Reached skill level 5 in Long Blades
  1762 | D:3      | Killed Robin
  1799 | D:3      | Noticed Grinder
  1832 | D:3      | Found a broken altar of Ashenzari.
  1854 | D:3      | Paralysed by Grinder for 3 turns
  1858 | D:3      | Paralysed by Grinder for 5 turns
  1865 | D:3      | Killed Grinder
  1866 | D:3      | Reached skill level 6 in Long Blades
  1866 | D:3      | Reached XP level 6. HP: 38/55 MP: 5/5
  2262 | D:3      | Found a hazy altar of Hepliaklqana.
  2324 | D:4      | Noticed Sigmund
  2336 | D:3      | Reached skill level 5 in Armour
  2703 | D:4      | Killed Sigmund
  2704 | D:4      | Reached skill level 5 in Fighting
  2704 | D:4      | Reached skill level 7 in Long Blades
  2704 | D:4      | Reached XP level 7. HP: 38/61 MP: 6/6
  2864 | D:4      | Reached skill level 5 in Shields
  3020 | D:4      | Found a shimmering blue altar of Sif Muna.
  3143 | D:4      | You fall into a shaft and drop 2 floors!
  3166 | D:6      | Noticed Menkaure
  3174 | D:6      | Killed Menkaure
  3175 | D:6      | Reached XP level 8. HP: 47/70 MP: 7/7
  3204 | D:6      | Reached skill level 8 in Long Blades
  3248 | D:5      | Entered Level 5 of the Dungeon
  3275 | D:5      | Noticed Dowan
  3301 | D:5      | Killed Dowan
  3342 | D:5      | Noticed Duvessa
  3353 | D:5      | Killed Duvessa
  3696 | D:4      | Found a transporter.
  3711 | D:4      | Noticed Voland's ghost (weakling TeAE)
  3769 | D:4      | Reached skill level 9 in Long Blades
  3913 | D:4      | Found a transporter.
  3929 | D:4      | Found Upugenug's Antique Armour Boutique.
  4095 | D:4      | Found a staircase to the Ecumenical Temple.
  4104 | Temple   | Entered the Ecumenical Temple
  4294 | D:4      | Found a runed translucent door.
  4295 | D:4      | Noticed Crazy Yiuf
  4515 | D:4      | Killed Crazy Yiuf
  4837 | D:5      | Found a bloodstained altar of Trog.
  4990 | D:5      | Reached XP level 9. HP: 58/78 MP: 8/8
  5389 | D:6      | Found Kizant's Vocational Training.
  5416 | D:6      | Found a sacrificial altar of Ru.
  5498 | D:6      | Noticed Eustachio
  5518 | D:6      | Killed Eustachio
  5619 | D:6      | Reached skill level 10 in Long Blades
  5667 | D:6      | Noticed Maggie
  5677 | D:6      | Killed Maggie
  5925 | D:4      | Bought a heavily runed chain mail for 247 gold pieces
  5925 | D:4      | Identified the +1 chain mail of Weightlessness {*Corrode
                  | rF++ Int+5} (You bought it in a shop on level 4 of the
                  | Dungeon)
  6221 | D:7      | Found a white marble altar of Elyvilon.
  6474 | D:7      | Found a radiant altar of Vehumet.
  6986 | D:8      | Reached skill level 11 in Long Blades
  7675 | D:8      | Noticed an angel
  7676 | D:8      | Found a shimmering altar of Xom.
  7676 | D:8      | Found a glowing silver altar of Zin.
  7746 | D:8      | Found an ancient bone altar of Kikubaaqudgha.
  7816 | D:8      | Reached XP level 10. HP: 84/88 MP: 9/9
  7858 | D:8      | Found an ornate altar of the Wu Jian Council.
  8202 | D:9      | Reached skill level 12 in Long Blades
  8329 | D:9      | Found a large runed translucent door.
  8330 | D:9      | Found a large runed translucent door.
  8438 | D:9      | Reached skill level 10 in Armour
  8524 | D:9      | Found a sparkling altar of Nemelex Xobeh.
  8547 | D:9      | Found a glowing golden altar of the Shining One.
  8627 | D:9      | Found a staircase to the Lair.
  8674 | D:9      | Noticed a two-headed ogre
  8689 | D:9      | Killed a two-headed ogre
  9181 | D:9      | Found a burning altar of Makhleb.
  9194 | D:9      | Found an iron altar of Okawaru.
  9202 | D:9      | Became a worshipper of Warmaster Okawaru
  9226 | D:10     | Entered Level 10 of the Dungeon
  9268 | D:10     | Reached skill level 13 in Long Blades
  9411 | D:10     | Noticed Harold
  9426 | D:10     | Killed Harold
  9427 | D:10     | Reached skill level 1 in Stealth
  9427 | D:10     | Reached XP level 11. HP: 97/97 MP: 10/10
  9468 | D:10     | Reached * piety under Okawaru
  9562 | D:10     | Found a hide-covered altar of Uskayaw.
 10853 | D:11     | Noticed a two-headed ogre
 10862 | D:11     | Killed a two-headed ogre
 10862 | D:11     | Reached ** piety under Okawaru
 11004 | D:11     | Reached skill level 10 in Fighting
 11062 | D:11     | Noticed a two-headed ogre
 11074 | D:11     | Killed a two-headed ogre
 11374 | D:11     | Noticed a centaur warrior
 11376 | D:11     | Noticed a boulder beetle
 11391 | D:11     | Reached *** piety under Okawaru
 11391 | D:11     | Received a gift from Okawaru
 11398 | D:11     | HP: 2/100 [centaur warrior/arrow (15)]
 11402 | D:11     | Shot with an arrow by a centaur warrior

Illustrated notes

Levels and vault maps discovered:
D:1:      lemuel_arrival_river_ford, layout_basic, ebering_dispersal_statue_hall
D:2:      minmay_chambers_of_twos, layout_rooms, serial_shops,
          nicolae_lakefront_shop, uniq_terence
D:3:      layout_basic, mainiacjoe_overflow_alcove_2,
          ashenzari_conservatory_becter, nicolae_goblin_pals, uniq_ijyb,
          uniq_grinder
D:4:      cheibrodos_barr_body, layout_cave_pools, mainiacjoe_overflow_24_doors,
          minmay_temple_entry_ruins, gammafunk_ghost_arena,
          kennysheep_cross_room, chequers_serial_rivers_marsh,
          serial_bayou_pond_a, nicolae_inconvenience_store,
          nicolae_grassy_gnolls, uniq_crazy_yiuf_cottage, uniq_sigmund
D:5:      layout_basic, mainiacjoe_overflow_concentric_impassable, uniq_duvessa
D:6:      layout_cave_pools, nicolae_ru_great_annihilating_truth,
          nicolae_shop_vocational, uniq_menkaure, uniq_maggie, uniq_eustachio
D:7:      layout_basic, lemuel_coloured_pillars_altar, elyvilon_altar_3,
          palyth_stone_intersect
D:8:      hellmonk_destroyed_diamonds, layout_basic,
          grunt_temple_overflow_order_and_chaos_1,
          mainiacjoe_overflow_big_doors, kennysheep_generic_room_6
D:9:      layout_gridville, jmf_multi_god_temple2, lemuel_doored_altar,
          mainiacjoe_overflow_alcove_1, lair_entry_dummy
D:10:     layout_basic, kennysheep_little_box, chequers_garden, uniq_harold
D:11:     layout_cave_pools, kennysheep_another_room, grunt_tough_drop
Temple:   hellmonk_temple_micro_hex

Skill      XL: |  1  2  3  4  5  6  7  8  9 10 11 |
---------------+----------------------------------+-----
Shields        | 4 5 6 7 8 |  8.3
Fighting       | 4 5 6 7 9 10 | 10.2
Long Blades    | 3 4 6 7 9 11 13 | 13.8
Armour         | 4 5 6 7 9 11 12 | 12.3
Dodging        | 1 2 3 |  3.0
Stealth        | 1 3 |  3.0
Invocations    | |  0.1
Evocations     | |  0.5

Action                     |  1- 3 |  4- 6 |  7- 9 | 10-12 || total
---------------------------+-------+-------+-------+-------++-------
  Melee: Long sword        |    97 |   167 |     3 |       ||   267
         Headbutt          |    17 |    28 |    41 |   104 ||   190
         Falchion          |       |       |   257 |   333 ||   590
 Invoke: Heroism           |       |       |       |     1 ||     1
  Evoke: Wand              |       |       |     1 |     4 ||     5
    Use: Potion            |     2 |       |     2 |     2 ||     6
         Scroll            |       |     1 |     7 |       ||     8
   Stab: Paralysed         |       |       |     1 |     8 ||     9
 Armour: Scale mail        |    53 |    36 |       |       ||    89
         Chain mail        |       |    67 |   115 |       ||   182
         Plate armour      |       |       |    90 |   161 ||   251
  Dodge: Dodged            |    62 |    90 |   126 |    87 ||   365
  Block: Buckler           |    21 |    53 |    89 |    78 ||   241
